 Dungeon Crawl Stone Soup version 0.23.2-30-g0e89c35649 (webtiles) character file.

Game seed: 8032650629791317513

98 Mrkan the Cudgeler (level 4, 0/29 HPs)
             Began as a Gargoyle Monk on June 24, 2019.
             Was a Believer of Ashenzari.
             Slain by an orc
             ... wielding a +0 flail
              (8 damage)
             ... on level 3 of the Dungeon.
             The game lasted 00:02:39 (1271 turns).

Mrkan the Cudgeler (Gargoyle Monk)                  Turns: 1271, Time: 00:02:39

Health: 0/29       AC:  5    Str: 15    XL:     4   Next: 71%
Magic:  4/4        EV: 12    Int: 11    God:    Ashenzari [**....]
Gold:   68         SH:  0    Dex: 12    Spells: 3/3 levels left

rFire    . . .     SeeInvis .   d - +3 whip (venom)
rCold    . . .     Gourm    .   (no shield)
rNeg     + . .     Faith    .   b - +0 robe
rPois    ∞         Spirit   .   (no helmet)
rElec    +         Reflect  .   (no cloak)
rCorr    .         Harm     .   (no gloves)
MR       .....                  (no boots)
Stlth    ++........             (no amulet)
HPRegen  0.09/turn              (no ring)
MPRegen  0.09/turn              (no ring)

@: no status effects
A: negative energy resistance 1, electricity resistance, unbreathing,
petrification resistance, rot immunity, AC +3
a: Curse Item, Scrying, Renounce Religion


You were on level 3 of the Dungeon.
You worshipped Ashenzari.
Ashenzari was pleased with you.
You were not hungry.

You visited 1 branch of the dungeon, and saw 3 of its levels.

You collected 68 gold pieces.

Inventory:

Hand Weapons
 d - a +3 whip of venom (weapon)
Armour
 b - a +0 robe (worn)
Jewellery
 i - an uncursed amulet of the gourmand
Scrolls
 e - a scroll of enchant weapon {unknown}
 f - a scroll of remove curse
 h - a scroll of amnesia {unknown}
Potions
 g - a potion of invisibility {unknown}
Comestibles
 a - 7 chunks of flesh
 c - 3 rations


   Skills:
 + Level 4.3 Fighting
 * Level 4.6 Maces & Flails
 - Level 2.4 Dodging
 - Level 2.1 Stealth


You had 3 spell levels left.
You didn't know any spells.
Your spell library was empty.

Dungeon Overview and Level Annotations

Branches:
Dungeon (3/15)

Altars:
Ashenzari

Annotations:
D:2 Sigmund


Innate Abilities, Weirdness & Mutations

You are resistant to torment.
Your stone body is resilient. (AC +3)
You are immune to poison.
You resist negative energy. (rN+)
You are resistant to electric shocks. (rElec)
You can survive without breathing.
You are immune to petrification.
You are immune to rotting.


Message History

You hit the orc.
The orc is poisoned.
The orc is heavily wounded.
You kill the orc!
The orc barely misses you. The worm bites you.
Items here: ! )) †† an amethyst potion; a +2 short sword of freezing; a +0 dagger; an orc corpse a goblin corpse You hit the worm.
The worm is poisoned.
The worm is lightly wounded.
The orc barely misses you. The worm bites you!
* * * LOW HITPOINT WARNING * * *
You whack the worm!
The worm is severely wounded.
The orc barely misses you.
You hit the worm.
The worm looks as sick as possible!
The worm is almost dead.
You kill the worm!
You hit the orc but do no damage.
The orc is poisoned.
The orc hits you with a +0 flail!
You die...

##.## #......# *
#..# #.÷...$# *
##.# #......#
#.# #......# * *
#.# #......+ *
#.# #....).#####
#.##
##'###(....# * *
#..# #.#
#(###.... , ,
##.## #.###@# ##
##..###.....o.#
#.............#
#.#..##...)...#
#.#...#.###....,
#.#<..#.*
##....,
#.#.....# .....,
#.......# ......
* * * *##.....#
* ,


You could see an orc.

Vanquished Creatures
  Natasha (D:1)
  A gnoll (D:1)
  An adder (D:3)
  An ooze (D:3)
  2 worms (D:3)
  A dart slug (D:1)
  2 leopard geckos (D:1)
  2 orcs (D:3)
  5 bats
  3 giant cockroaches (D:1)
  5 goblins
  3 hobgoblins (D:1)
  3 jackals (D:3)
  A frilled lizard (D:1)
  3 kobolds
  5 rats
39 creatures vanquished.

Notes
Turn   | Place    | Note
-------+----------+-------------------------------------------
     0 | D:1      | Mrkan the Gargoyle Monk began the quest for the Orb.
     0 | D:1      | Reached XP level 1. HP: 14/14 MP: 1/1
    54 | D:1      | Found a shattered altar of Ashenzari.
    71 | D:1      | Became a worshipper of Ashenzari the Shackled
    71 | D:1      | Reached * piety under Ashenzari
    71 | D:1      | Reached ** piety under Ashenzari
   143 | D:1      | Reached XP level 2. HP: 7/19 MP: 2/2
   485 | D:1      | Reached XP level 3. HP: 11/24 MP: 3/3
   970 | D:2      | Noticed Natasha
   970 | D:2      | Noticed Sigmund
   978 | D:1      | Killed Natasha
   978 | D:1      | Reached XP level 4. HP: 21/29 MP: 4/4
  1271 | D:3      | Slain by an orc

Skill      XL: |  1  2  3 |
---------------+----------+-----
Maces & Flails | 4 |  4.6
Fighting       | 4 |  4.3
Dodging        | |  2.4
Stealth        | |  2.1

Action                   |  1- 3 |  4- 6 || total
-------------------------+-------+-------++-------
Melee: Whip              |    55 |    41 ||    96
       Mace              |     4 |       ||     4
 Stab: Sleeping          |     5 |     1 ||     6
  Eat: Chunk             |       |     1 ||     1
Armor: Robe              |    16 |    13 ||    29
Dodge: Dodged            |    33 |    26 ||    59
